 Dungeon Crawl Stone Soup version 0.28.0-45-g0d030f2227 (webtiles) character file.

Game seed: 16507704666229768725

30 seaoflcl the Shooter (level 3, 0/28 HPs)
             Began as a Human Wanderer on Apr 10, 2022.
             Slain by a rat (1 damage)
             ... on level 1 of the Dungeon.
             The game lasted 00:06:22 (1402 turns).

seaoflcl the Shooter (Human Wanderer)               Turns: 1402, Time: 00:06:22

Health: 0/28       AC: 12    Str: 23    XL:     3   Next: 35%
Magic:  6/6        EV: 10    Int: 11    God:
Gold:   64         SH:  0    Dex: 10    Spells: 5/6 levels left

rFire   . . .      SeeInvis .   o - +0 flail
rCold   . . .      Faith    .   (no shield)
rNeg    . . .      Spirit   .   j - +0 plate armour
rPois   .          Reflect  .   c - +1 helmet
rElec   .          Harm     .   (no cloak)
rCorr   .          Rampage  .   (no gloves)
Will    .....                   (no boots)
Stlth   ..........              (no amulet)
HPRegen 0.09/turn               m - +4 ring of evasion
MPRegen 0.10/turn               k - +6 ring of strength

@: no status effects
A: no striking features
a: no special abilities


You were on level 1 of the Dungeon.
You visited 1 branch of the dungeon, and saw 3 of its levels.

You collected 64 gold pieces.

Inventory:

Hand Weapons
 a - a +3 shortbow
 d - a +0 club
 g - a +0 short sword
 o - a +0 flail (weapon)
Missiles
 b - 44 arrows
Armour
 c - a +1 helmet (worn)
 j - a +0 plate armour (worn)
Jewellery
 i - a ring of resist corrosion
 k - a +6 ring of strength (right hand)
 m - a +4 ring of evasion (left hand)
 p - a ring of willpower
Scrolls
 e - 2 scrolls of identify {unknown}
 n - a scroll of vulnerability {unknown}
Potions
 f - a potion of haste {unknown}
 h - a potion of might {unknown}
 l - a potion of heal wounds {unknown}


   Skills:
 + Level 2.4 Fighting
 + Level 3.7 Bows
 + Level 1.0 Armour
 + Level 2.2 Spellcasting
 + Level 1.0 Necromancy
 + Level 1.0 Invocations


You had 5 spell levels left.
You knew the following spells:

 Your Spells              Type           Power      Damage    Failure   Level
a - Pain                  Necr           12%        1d4       99%         1

Your spell library contained the following spells:

 Spells                   Type           Power      Damage    Failure   Level
 Vampiric Draining        Necr           3%         2d6       100%        3


Dungeon Overview and Level Annotations

Branches:
Dungeon (3/15)

Altars:


Message History

The worm is heavily wounded.
The endoplasm freezes you.
You are frozen.
* * * LOW HITPOINT WARNING * * *
The worm bites you but does no damage.
Unknown command.
Found a stone staircase leading up.
Found a scroll labelled PIOSIEDIEST.
There is a stone staircase leading up here.
The endoplasm closely misses you.
You climb upwards.
Found a purple potion and a scroll labelled ORIRHIGR GAIRI.
There is a stone staircase leading down here.
You hit the endoplasm.
The endoplasm is moderately wounded.
The endoplasm freezes you.
You are frozen.
* * * LOW HITPOINT WARNING * * *
The endoplasm freezes you.
You are frozen.
* * * LOW HITPOINT WARNING * * *
You barely miss the endoplasm.
The endoplasm is moderately wounded.
The endoplasm freezes you.
You are frozen.
* * * LOW HITPOINT WARNING * * *
Nothing quivered!
Okay, then.
Found a stone staircase leading up.
There is a stone staircase leading up here.
The rat bites you but does no damage.
You climb upwards.
There is a stone staircase leading down here.
The rat bites you but does no damage.
You completely miss the rat. The rat closely misses you. The rat bites you.
* * * LOW HITPOINT WARNING * * *
You barely miss the rat. The rat bites you.
* * * LOW HITPOINT WARNING * * *
You barely miss the rat. The rat bites you.
You die...

.....##.#.#.# #....# #.#
..##.##.#.#.# #....# #.#
..##.##.#.#.# #..#.# #.#
.....##.#.#.# #..#.# #.#
.###.##.#.#.#######..#.######.#
............................#.#
.###......#.########..........#
........#.#.####.####..####.###
####.##.#.#>...r@......# #.# #
#.##.#.######.####.## #.# #
#.##†#.# ##.####.#####.# #
#.##.#.#####.............# #
##............####.####### #
###.#.#####..# #...# #.#.# #..#
#)#.# #.#.# #..# #.#.# #.#.#
#..# #.#.#


You could see a rat.

Vanquished Creatures
  A gnoll (D:1)
  3 endoplasms (D:1)
  2 goblins (D:1)
  2 hobgoblins
  3 kobolds (D:1)
  2 quokkas (D:1)
  A ball python (D:1)
  A bat (D:1)
  A frilled lizard (D:1)
  3 rats (D:1)
19 creatures vanquished.

Notes
Turn   | Place    | Note
-------+----------+-------------------------------------------
     0 | D:1      | seaoflcl the Human Wanderer began the quest for the Orb.
     0 | D:1      | seaoflcl set off with the following items: a +3 shortbow,
                  | 26 arrows, a +0 leather armour; and the following spell
                  | memorised: Pain; and the following spells available to
                  | memorise: Vampiric Draining
     0 | D:1      | Reached XP level 1. HP: 16/16 MP: 3/3
   236 | D:1      | Reached XP level 2. HP: 22/22 MP: 5/5
   950 | D:1      | Reached XP level 3. HP: 28/28 MP: 6/6
  1319 | D:2      | You fall into a shaft and drop 1 floor!
  1319 | D:3      | Identified the +4 ring mail of Midnight {Rampage rCorr
                  | Int-3}
  1368 | D:2      | HP: 1/28 [frozen (5)]
  1401 | D:1      | HP: 1/28 [rat (2)]
  1402 | D:1      | Slain by a rat

Illustrated notes

Levels and vault maps discovered:
D:1:      giann_wishing_wells, layout_basic
D:2:      layout_basic, serial_glass, glass_columns_a, glass_columns_a,
          glass_columns_b, glass_columns_a, glass_columns_c, glass_columns_a
D:3:      layout_rooms, ebering_ecumenical_altar_abandoned

Action                   || total
-------------------------++-------
Melee: Flail             ||    19
 Fire: Shortbow          ||    38
Armor: Leather armour    ||     2
       Plate armour      ||    10
Dodge: Dodged            ||    16
